Map: Dédale EC

Players

VOVAN

  • Race: Zerg Zerg
  • League: Diamond
  • Spawn Location: 1:00

HoldTheDoor - Winner!

  • Race: Protoss Protoss
  • League: Diamond
  • Spawn Location: 7:00

VOD

Have the link to the VOD?

Description

Time

  • Played on: July 7, 2018, 8:11 a.m.
  • Length: 8:16
Show
View Real Time Build Order
Export as new Build Order

VOVAN Zerg 

Build Orders: Pool First 

Get SALT Encoding   

  12  0:25  Spawning Pool  
  11  0:30  Drone x2  
  13  0:38  Drone  
  14  0:44  Overlord  
  14  1:12  Queen  
  14  1:14  Zergling x4  
  18  1:24  Zergling x2  
  19  1:38  Hatchery  
  18  1:42  Zergling x2  
  18  1:56  Zergling x4  
  20  2:02  Overlord  
  17  2:26  Zergling x4  
  17  2:27  Zergling x6  
  21  2:41  Drone  
  21  2:45  Drone  
  21  2:49  Queen  
  23  2:56  Drone  
  23  2:57  Drone  
  24  3:03  Drone  
  25  3:06  Drone  
  25  3:10  Drone  
  27  3:14  Drone  
  28  3:20  Extractor  
  28  3:21  Drone  
  28  3:22  Drone  
  28  3:26  Drone  
  30  3:33  Drone  
  30  3:34  Drone  
  32  3:38  Drone  
  33  3:47  Drone x3  
  36  3:50  Overlord  
  36  4:08  Queen x2  
  40  4:10  Overlord  
  40  4:16  Drone x2  
  43  4:17  Drone  
  43  4:18  Drone  
  43  4:23  Overlord  
  44  4:27  Metabolic Boost  
  44  4:32  Drone x2  
  46  4:48  Overlord  
  46  4:49  Overlord  
  46  4:50  Drone x3  
  49  4:57  Extractor  
  49  4:59  Extractor  
  47  5:00  Drone x3  
  47  5:01  Spore Crawler  
  49  5:09  Roach Warren, Lair  
  48  5:16  Zergling x2  
  48  5:17  Zergling x4  
  51  5:25  Drone x4  
  51  5:26  Overlord  
  55  5:37  Drone x3  
  55  5:38  Drone  
  59  5:45  Extractor  
  59  5:46  Overlord  
  59  5:47  Zergling x2  
  59  6:02  Roach x5  
  59  6:03  Roach  
  73  6:11  Roach x3  
  77  6:38  Spire  
  76  6:40  Drone  
  76  6:41  Hydralisk Den, Drone  
  76  6:42  Roach x3  
  76  6:44  Overlord x3  
  83  6:47  Overseer  
  83  6:48  Pneumatized Carapace  
  83  7:05  Hatchery  
  83  7:07  Evolution Chamber, Drone x2  
  83  7:08  Evolution Chamber, Drone  
  83  7:10  Extractor, Drone  
  83  7:13  Hydralisk  
  85  7:17  Hydralisk  
  85  7:21  Hydralisk  
  89  7:43  Hydralisk x3  
  93  7:47  Overlord  
Show
View Real Time Build Order
Export as new Build Order

HoldTheDoor Protoss - Winner!

Build Orders:  

Get SALT Encoding   

  12  0:01  Probe  
  13  0:13  Probe  
  14  0:24  Pylon  
  14  0:25  Probe  
  15  0:40  Probe  
  16  0:45  Gateway  
  16  0:48  Assimilator, Probe  
  16  0:57  Probe  
  18  1:11  Probe  
  19  1:18  Gateway  
  19  1:23  Probe  
  20  1:33  Cybernetics Core  
  20  1:35  Probe, Zealot  
  23  1:49  Pylon  
  23  1:58  Assimilator  
  23  2:07  Probe, Adept x2  
  25  2:31  Pylon  
  25  2:32  Adept  
  25  2:33  Sentry  
  28  2:45  Warp Gate  
  28  2:52  Probe  
  29  3:04  Probe  
  30  3:11  Nexus  
  30  3:16  Probe  
  30  3:18  Sentry  
  33  3:20  Adept  
  35  3:28  Probe  
  36  3:37  Twilight Council  
  36  3:40  Probe  
  37  3:45  Pylon  
  37  3:52  Probe  
  38  3:59  Robotics Facility  
  38  4:05  Probe  
  39  4:14  Resonating Glaives  
  40  4:17  Probe  
  40  4:23  Probe  
  41  4:27  Pylon  
  41  4:29  Probe  
  41  4:30  Gateway  
  42  4:37  Probe, Gateway  
  43  4:48  Warp Prism  
  45  4:59  Probe  
  46  5:06  Sentry  
  48  5:07  Adept  
  48  5:09  Probe  
  48  5:11  Probe  
  52  5:15  Pylon  
  52  5:25  Immortal  
  56  5:32  Adept x3  
  56  5:34  Probe x2  
  64  5:40  Pylon  
  64  5:44  Gateway  
  64  5:48  Gateway  
  64  5:52  Probe  
  64  5:53  Probe  
  66  6:06  Gateway  
  66  6:07  Gateway  
  66  6:15  Immortal  
  66  6:22  Adept x2  
  66  6:23  Adept x2  
  78  6:32  Probe x2  
  80  6:40  Pylon  
  80  6:41  Pylon  
  80  6:43  Pylon  
  80  6:52  Adept  
  80  6:53  Adept x2  
  86  7:05  Pylon  
  86  7:10  Pylon x2  
  86  7:25  Adept x2  
  86  7:26  Adept x4  
  98  7:37  Adept  
  98  7:38  Adept  
  98  7:40  Pylon  
  98  7:41  Pylon  
  98  7:43  Pylon  
  102  7:45  Pylon  
  102  7:54  Adept x4  
  102  7:55  Adept x2  
  102  8:08  Adept  
  102  8:09  Adept  
Tags
 
Matchup
PvZ
Opening
Pool First
Spawn Locations
Cross Positions
Add a new tag
Caveats
  • Supply blocks, unpowered buildings, or Contaminate may cause inaccurate times.
  • Supply counts are checked every 10 seconds.